 Dungeon Crawl Stone Soup version 0.19.5 (webtiles) character file.

512 miragecloak the Insei (level 7, -2/43 HPs)
             Began as an Octopode Transmuter on May 3, 2017.
             Was an Initiate of Ashenzari.
             Slain by an orc wizard
             ... wielding a cursed -1 dagger
              (5 damage)
             ... on level 5 of the Dungeon.
             The game lasted 00:04:17 (3124 turns).

miragecloak the Insei (Octopode Transmuter)         Turns: 3124, Time: 00:04:17

Health: -2/43      AC:  2    Str:  9    XL:     7   Next: 19%
Magic:  1/10       EV: 20    Int: 16    God:    Ashenzari [......]
Gold:   57         SH:  0    Dex: 19    Spells: 2 memorised, 6 levels left

rFire  . . .     SeeInvis .       - Unarmed
rCold  . . .     Gourm    .     (shield currently unavailable)
rNeg   . . .     Faith    .     (helmet currently unavailable)
rPois  x         Spirit   .     (no amulet)
rElec  .         Reflect  .     (no ring)
rCorr  .         Harm     .     (no ring)
MR     .....                    (no ring)
Stlth  ++........               (no ring)
                                (no ring)
                                (no ring)
                                (no ring)
                                (no ring)

@: spider-form
A: almost no armour, stealthy swim, (amphibious), 8 rings, (constrict 8),
(camouflage 0), (gelatinous body 0)
a: End Transformation, Curse Item, Renounce Religion


You were on level 5 of the Dungeon.
You worshipped Ashenzari.
Ashenzari was noncommittal.
You were very hungry.
You were a venomous arachnid creature.
You visited 1 branch of the dungeon, and saw 5 of its levels.

You collected 197 gold pieces.
You spent 140 gold pieces at shops.

Inventory:

Missiles
 a - 117 arrows
Scrolls
 f - a scroll of recharging {unknown}
 h - 7 scrolls of identify
 i - 4 scrolls of random uselessness {unknown}
 j - 3 scrolls of amnesia {unknown}
 k - a scroll of fear {unknown}
 n - 3 scrolls of magic mapping {unknown}
 r - 4 scrolls of remove curse
Potions
 d - 2 potions of heal wounds {unknown}
 e - a potion of berserk rage {unknown}
 l - a potion of ambrosia {unknown}
 m - a potion of mutation {unknown}
 o - a potion of cancellation {unknown}
 q - 2 potions of degeneration {unknown}
Books
 b - a book of Changes

   Spells                             Type                      Level
   a - Beastly Appendage              Transmutation                1
   b - Sticks to Snakes               Transmutation                2
   c - Spider Form                    Transmutation/Poison         3
   d - Ice Form                       Ice/Transmutation            4
   e - Blade Hands                    Transmutation                5
 p - a book of Cantrips

   Spells                             Type                      Level
   a - Confusing Touch                Hexes                        1
   b - Animate Skeleton               Necromancy                   1
   c - Summon Small Mammal            Summoning                    1
   d - Apportation                    Translocation                1
Comestibles
 c - 5 bread rations
 g - 3 meat rations


   Skills:
 - Level 1.0 Fighting
 - Level 2.0 Dodging
 + Level 6.4 Unarmed Combat
 - Level 2.0 Spellcasting
 - Level 4.0 Transmutations
 - Level 3.2 Poison Magic


You had 6 spell levels left.
You knew the following spells:

 Your Spells              Type           Power        Failure   Level  Hunger
a - Beastly Appendage     Tmut           ##....       14%         1    #......
b - Spider Form           Tmut/Pois      ##........   32%         3    ###....


Dungeon Overview and Level Annotations

Branches:
Dungeon (5/15)
 Temple: D:4-7

Altars:
Ashenzari
Makhleb
Xom
The Shining One

Shops:
D:4 ?

Annotations:
D:2 Terence
D:4 Dowan, Duvessa


Innate Abilities, Weirdness & Mutations

You cannot wear most types of armour.
You are very stealthy in the water. (Stealth+)
((You are amphibious.))
You can wear up to eight rings at the same time.
((You can use your tentacles to constrict eight enemies at once.))
((Your skin changes colour to match your surroundings (Stealth+).))
((Your rubbery body absorbs attacks. (AC +1, EV +1)))


Message History

You hit the orc wizard.
The orc wizard is severely wounded.
The orc wizard completely misses you.
You hit the orc wizard but do no damage.
The orc wizard looks as sick as possible!
The orc wizard is severely wounded.
The orc wizard gestures wildly while chanting.
The orc wizard blinks!
The orc wizard mumbles some strange words.
The orc wizard blinks!
You hit the kobold.
The kobold is poisoned.
The kobold is moderately wounded.
You kill the kobold!
You feel a bit more experienced.
Your transformation has ended.
Casting: Spider Form
Confirm with . or Enter, or press ? or * to list all spells.
You turn into a venomous arachnid creature.
Something hits you.
You die...

####.# #.#.#. #....#
#.#... #.#### #.#.#.
#.# ##...# #.# ##.###.
#########.#######.## ##
#..............##.# #
#.........<.##.##.## ##
######s####.##.###.###.
#{#............<.#
#o#.#......###†###
#.#.#...#.#.##.#
##)#.......##.#.#
#..........##.#.#
#.##(......##.#.#
#.##§#...#.#.##.##
#.##.#...........#


You could see an orc.

Vanquished Creatures
  2 ogres (D:4)
  A big kobold (D:5)
  A howler monkey (D:5)
  An iguana (D:4)
  2 orc wizards
  A worker ant (D:5)
  5 adders
  A shadow imp (D:5)
  An ooze (D:4)
  A worm (D:3)
  5 leopard geckos
  5 orcs
  3 giant cockroaches
  5 goblins
  7 hobgoblins
  4 jackals
  10 kobolds
  4 ball pythons
  9 bats
  2 frilled lizards
  A leopard gecko skeleton (D:4)
  9 rats
80 creatures vanquished.

Notes
Turn   | Place    | Note
-------+----------+-------------------------------------------
     0 | D:1      | miragecloak the Octopode Transmuter began the quest for the Orb.
     0 | D:1      | Reached XP level 1. HP: 13/13 MP: 3/3
    79 | D:1      | Reached XP level 2. HP: 12/18 MP: 3/5
   772 | D:2      | Noticed Terence
   828 | D:2      | Reached XP level 3. HP: 22/23 MP: 4/6
   833 | D:2      | Learned a level 3 spell: Spider Form
   871 | D:2      | Reached skill level 1 in Poison Magic
  1099 | D:2      | Found a burning altar of Makhleb.
  1101 | D:2      | Noticed a green death
  1105 | D:2      | Noticed a hellwing
  1105 | D:2      | Noticed a ynoxinul
  1402 | D:2      | Found a shimmering altar of Xom.
  1442 | D:3      | Reached XP level 4. HP: 24/28 MP: 3/7
  1624 | D:3      | Found a faded altar of an unknown god.
  1781 | D:3      | Found a shimmering altar of Xom.
  1782 | D:3      | Found a shimmering altar of Xom.
  1782 | D:3      | Found a shimmering altar of Xom.
  1782 | D:3      | Found a shimmering altar of Xom.
  1783 | D:3      | Found a shimmering altar of Xom.
  2391 | D:4      | Found a glowing golden altar of the Shining One.
  2394 | D:4      | Noticed an ogre
  2400 | D:4      | Killed an ogre
  2400 | D:4      | Reached XP level 5. HP: 33/33 MP: 4/8
  2422 | D:4      | Reached skill level 4 in Unarmed Combat
  2560 | D:4      | Noticed an ogre
  2571 | D:4      | Killed an ogre
  2571 | D:4      | Reached skill level 5 in Unarmed Combat
  2571 | D:4      | Reached XP level 6. HP: 7/38 MP: 6/9
  2824 | D:4      | Found Peentups's Magic Scroll Shop.
  2923 | D:4      | Bought 2 scrolls of remove curse for 60 gold pieces
  2923 | D:4      | Bought a scroll of identify for 20 gold pieces
  2923 | D:4      | Bought a scroll of remove curse for 30 gold pieces
  2923 | D:4      | Bought a scroll of remove curse for 30 gold pieces
  2930 | D:4      | Noticed Dowan
  2931 | D:4      | Noticed Duvessa
  2958 | D:5      | Entered Level 5 of the Dungeon
  2975 | D:5      | Found a shattered altar of Ashenzari.
  3029 | D:5      | Became a worshipper of Ashenzari the Shackled
  3106 | D:5      | Reached skill level 6 in Unarmed Combat
  3106 | D:5      | Reached XP level 7. HP: 20/43 MP: 5/10
  3117 | D:5      | HP: 2/43 [orc wizard/dagger (3)]
  3124 | D:5      | Slain by an orc wizard

Skill      XL: |  1  2  3  4  5  6 |
---------------+-------------------+-----
Transmutations | 3 4 |  4.0
Poison Magic   | 1 3 |  3.2
Unarmed Combat | 5 6 |  6.4
Fighting       | |  1.0
Dodging        | |  2.0
Spellcasting   | |  2.0

Action                   |  1- 3 |  4- 6 |  7- 9 || total
-------------------------+-------+-------+-------++-------
Melee: Unarmed           |    76 |    96 |    11 ||   183
       Constrict         |    29 |     3 |       ||    32
       Kick              |    13 |       |       ||    13
       Tentacles         |     9 |     1 |       ||    10
       Punch             |       |     2 |       ||     2
 Cast: Beastly Appendage |    19 |       |       ||    19
       Spider Form       |     2 |    25 |     2 ||    29
 Stab: Sleeping          |     4 |     2 |       ||     6
  Eat: Chunk             |     2 |     8 |       ||    10
Armor: Skin              |    12 |     6 |     1 ||    19
Dodge: Dodged            |    65 |    96 |     4 ||   165
